 Dungeon Crawl Stone Soup version 0.24.1 (webtiles) character file.

Game seed: 5594134328436727915, levelgen mode: deterministic

945 nightchill the Cleaver (level 8, 0/75 HPs)
             Began as a Hill Orc Fighter on Mar 28, 2020.
             Slain by an adder (4 damage)
             ... on level 5 of the Dungeon on Mar 29, 2020.
             The game lasted 00:06:59 (5001 turns).

nightchill the Cleaver (Hill Orc Fighter)           Turns: 5001, Time: 00:07:00

Health: 0/75       AC:  1    Str: 19    XL:     8   Next: 13%
Magic:  8/8        EV:  8    Int: 10    God:
Gold:   365        SH:  9    Dex: 10    Spells: 7/7 levels left

rFire    . . .     SeeInvis .   a - +0 war axe
rCold    . . .     Gourm    .   c - +0 shield
rNeg     . . .     Faith    .   (no armour)
rPois    .         Spirit   .   (no helmet)
rElec    .         Reflect  .   (no cloak)
rCorr    .         Harm     .   (no gloves)
MR       .....                  o - +0 pair of boots
Stlth    +.........             (no amulet)
HPRegen  0.22/turn              (no ring)
MPRegen  0.11/turn              (no ring)

@: lethally poisoned (0 -> -1)
A: no striking features
a: no special abilities


You were on level 5 of the Dungeon.
You were hungry.

You visited 1 branch of the dungeon, and saw 5 of its levels.

You collected 365 gold pieces.

Inventory:

Hand Weapons
 a - a +0 war axe (weapon)
Armour
 b - a +0 scale mail
 c - a +0 shield (worn)
 o - a +0 pair of boots (worn)
Jewellery
 l - an uncursed ring of ice {unknown}
 r - an uncursed ring of see invisible {unknown}
 u - an uncursed ring of wizardry {unknown}
Wands
 v - a wand of polymorph (13)
 y - a wand of iceblast (6)
Scrolls
 h - a scroll of enchant weapon {unknown}
 i - 14 scrolls of identify {unknown}
 j - a scroll of amnesia {unknown}
 k - a scroll of remove curse {unknown}
 n - 2 scrolls of magic mapping {unknown}
 p - 4 scrolls of fog {unknown}
 q - 3 scrolls of teleportation {unknown}
 s - a scroll of random uselessness {unknown}
 x - a scroll of blinking {unknown}
Potions
 d - 2 potions of might
 e - a potion of berserk rage {unknown}
 g - 2 potions of degeneration {unknown}
 m - 5 potions of haste {unknown}
 t - a potion of ambrosia {unknown}
 w - a potion of invisibility {unknown}
 z - 2 potions of curing {unknown}
 B - a potion of mutation {unknown}
Comestibles
 f - 12 rations


   Skills:
 + Level 8.5 Fighting
 + Level 8.8 Axes
 - Level 3.2 Armour
 - Level 3.2 Shields


You had 7 spell levels left.
You didn't know any spells.
Your spell library was empty.

Dungeon Overview and Level Annotations

Branches:
Dungeon (5/15)
 Temple: D:4-7

Altars:
Gozag
Okawaru
Vehumet
The Shining One

Shops:
D:2 *   D:5 (


Message History

The crimson imp hits you.
* * * LOW HITPOINT WARNING * * *
The adder bites you.
* * * LOW HITPOINT WARNING * * *
You feel sick. You block the adder's attack. The crimson imp hits you.
* * * LOW HITPOINT WARNING * * *
The adder barely misses you.
The crimson imp blinks!
The adder closely misses you. The adder barely misses you.
You feel sick. The adder barely misses you.
The crimson imp blinks!
The adder bites you.
* * * LOW HITPOINT WARNING * * *
The adder bites you.
* * * LOW HITPOINT WARNING * * *
You block the crimson imp's attack. The adder barely misses you.
You feel sick. The adder bites you.
* * * LOW HITPOINT WARNING * * *
You block the crimson imp's attack. The adder bites you.
You die...

#.# #.# . #.# #.#
#.# #.# .# #.# #.#
#.# #.# #.# #.# #.#
#.# #.# #.#
#.#####.# #.###
#....##.#
#.@.##########.##.#
#.S5...............
###.##########.##.#
#.# ##.##.# #.#
#...#.# #.# ..#...#
#.# #..##.## #.. #
### #.## ##.
..#####..#


You could see a crimson imp and an adder.

Vanquished Creatures
  2 ogres (D:4)
  2 phantoms (D:4)
  A scorpion (D:5)
  2 crimson imps (D:5)
  A jelly (D:5)
  A bullfrog zombie (D:5)
  A bullfrog skeleton (D:5)
  A hound (D:2)
  2 orc priests
  2 orc wizards (D:4)
  An iguana (D:5)
  4 worker ants
  An adder (D:3)
  An adder zombie (D:5)
  An adder skeleton (D:4)
  3 worms
  2 dart slugs
  4 leopard geckos
  18 orcs
  4 bats
  4 giant cockroaches
  7 goblins
  9 hobgoblins
  6 jackals
  2 quokkas
  7 frilled lizards
  8 kobolds
  A quokka skeleton (D:4)
  4 rats (D:1)
102 creatures vanquished.

Notes
Turn   | Place    | Note
-------+----------+-------------------------------------------
     0 | D:1      | nightchill the Hill Orc Fighter began the quest for the
                  | Orb.
     0 | D:1      | Reached XP level 1. HP: 19/19 MP: 1/1
   166 | D:1      | Reached XP level 2. HP: 27/27 MP: 2/2
   909 | D:2      | Reached XP level 3. HP: 34/34 MP: 3/3
   969 | D:2      | Found an opulent altar of Gozag.
   973 | D:2      | Found Gozag's Platinum Reserve.
  1131 | D:2      | Reached XP level 4. HP: 34/41 MP: 4/4
  1369 | D:2      | Found a radiant altar of Vehumet.
  1491 | D:2      | Found a glowing golden altar of the Shining One.
  1591 | D:3      | Reached skill level 5 in Fighting
  1878 | D:3      | Reached skill level 5 in Axes
  1878 | D:3      | Reached XP level 5. HP: 31/48 MP: 5/5
  2443 | D:4      | Noticed an ogre
  2451 | D:4      | Killed an ogre
  2451 | D:4      | Reached XP level 6. HP: 25/57 MP: 6/6
  2807 | D:4      | Noticed a phantom
  2837 | D:4      | Killed a phantom
  3316 | D:4      | Reached XP level 7. HP: 42/64 MP: 7/7
  4188 | D:4      | Found an iron altar of Okawaru.
  4350 | D:5      | Entered Level 5 of the Dungeon
  4718 | D:5      | Reached XP level 8. HP: 74/74 MP: 8/8
  4748 | D:5      | Found Cejyzeed's Antique Weapon Shop.
  5001 | D:5      | Slain by an adder

Levels and vault maps discovered:
D:1:      psy_arrival_spokes, layout_loops_corners
D:2:      layout_basic, nicolae_gozag_zags_fifth_avenue, vehumet_crystals,
          tso_metal_star, first_ration, supply_closet_lemuel
D:3:      layout_basic
D:4:      corexii_shack_village, layout_loops_corners, kennysheep_mini
D:5:      layout_loops_ring, serial_shops, shop, grunt_ministairs_15

Skill      XL: |  1  2  3  4  5  6  7 |
---------------+----------------------+-----
Axes           | 3 4 5 6 7 8 |  8.8
Fighting       | 4 5 6 8 |  8.5
Armour         | |  3.2
Shields        | |  3.2

Action                   |  1- 3 |  4- 6 |  7- 9 || total
-------------------------+-------+-------+-------++-------
Melee: War axe           |    91 |   194 |    98 ||   383
  Eat: Chunk             |     1 |     6 |     6 ||    13
Armor: Scale mail        |    39 |    82 |    47 ||   168
       Skin              |       |       |     3 ||     3
Dodge: Dodged            |    22 |    58 |    41 ||   121
Block: Shield            |    53 |    88 |    81 ||   222
